Cogmind - Beta 15 @@@ ROGUE MODE // 2025.05.26 @ 12:05:23 // Winter2019/RPGLIKE Player: Jack Result: Destroyed self with Rocket Array Performance ------------- Evolutions (3) 1500 Regions Visited (6) 1200 Robots Destroyed (33) 165 Value Destroyed (845) 845 Prototype IDs (24) 480 Alien Tech Used (0) 0 Bonus (300) 300 TOTAL SCORE: 4490 Bonus ------- Aligned with FarCom 300 Cogmind --------- Core Integrity 0/600 Matter 220/300 Energy 500/500 System Corruption 0% Temperature Cool (0) Movement Flying (114) Ox1 Location -7/Factory Parts ------- > --- POWER (1) -------- (None) > --- PROPULSION (2) --- Flight Unit Cesium-ion Thruster > --- UTILITY (5) ------ Large Battery Large Battery Improved Medium Armor Plating > --- WEAPON (2) ------- Mini Grenade Launcher Rocket Array > --- INVENTORY (1) ---- Rocket Array Peak State ------------ > --- POWER ------------ (None) > --- PROPULSION ------- Flight Unit Cesium-ion Thruster > --- UTILITY ---------- Large Battery Large Battery Improved Medium Armor Plating > --- WEAPON ----------- Mini Grenade Launcher Rocket Array > --- INVENTORY -------- Flight Unit [Rating: 17] Favorites ----------- Power Backup Power I Engine Backup Power I Propulsion Flight Unit Flight Unit Flight Unit Utility Light Armor Plating Storage Large Battery Protection Light Armor Plating Weapon Medium Laser Energy Gun Medium Laser Ballistic Gun Light Assault Rifle Launcher Mini Grenade Launcher Build | -11 -10 -10 -10 -9 -8 -7 ------- Run | Yrd Mat Min Exi Min Mat Fac Slots Evolved 6 | 3 . . . . . 3 Power . | . . . . . . . Propulsion 1 | 1 . . . . . . Utility 4 | 1 . . . . . 3 Weapon 1 | 1 . . . . . . Parts Attached 13 | 2 5 . . 1 . 5 Power . | . . . . . . . Engine . | . . . . . . . Core . | . . . . . . . Reactor . | . . . . . . . Propulsion 4 | . 3 . . . . 1 Treads . | . . . . . . . Leg . | . . . . . . . Wheel . | . . . . . . . Hover . | . . . . . . . Flight 4 | . 3 . . . . 1 Utility 5 | . 2 . . . . 3 Device . | . . . . . . . Storage 2 | . . . . . . 2 Processor . | . . . . . . . Hackware . | . . . . . . . Protection 3 | . 2 . . . . 1 Artifact . | . . . . . . . Weapon 4 | 2 . . . 1 . 1 Energy Gun 1 | 1 . . . . . . Energy Cannon . | . . . . . . . Ballistic Gun 1 | 1 . . . . . . Ballistic Cannon . | . . . . . . . Launcher 2 | . . . . 1 . 1 Special Weapon . | . . . . . . . Impact Weapon . | . . . . . . . Slashing Weapon . | . . . . . . . Piercing Weapon . | . . . . . . . Special Melee Weapon . | . . . . . . . Unidentified Prototypes 1 | . . . . . . 1 Parts Lost 3 | . . . . . . 3 Power 1 | . . . . . . 1 Propulsion . | . . . . . . . Utility 2 | . . . . . . 2 Weapon . | . . . . . . . Highest Loss Streak 2 | . . . . . . 2 To Critical Strikes . | . . . . . . . Average Backups . | . . . . . . . Power . | . . . . . . . Propulsion . | . . . . . . . Utility . | . . . . . . . Weapon . | . . . . . . . Tool/Special . | . . . . . . . Unused Backups . | . . . . . . . Power . | . . . . . . . Propulsion . | . . . . . . . Utility . | . . . . . . . Weapon . | . . . . . . . Tool/Special . | . . . . . . . Average Slot Usage (%) 82 | . 53 100 100 100 100 83 Engine 9 | . 3 14 14 14 14 9 Flight 22 | . 15 28 28 28 28 22 Storage 4 | . . . . . . 13 Protection 18 | . 6 28 28 28 28 14 Energy Gun 13 | . 14 14 14 14 14 11 Ballistic Gun 6 | . 14 14 14 1 . . Launcher 7 | . . . . 12 14 11 Peak Build Rating 17 | 2 7 7 7 8 8 17 Average Rating 7 | 1 3 7 7 7 8 10 On Entrance 5 | . 2 7 7 7 8 8 Naked Turns . | . . . . . . . Heaviest Build 21 | 3 8 8 8 8 8 21 Greatest Support 19 | 3 8 8 8 8 8 19 Greatest Overweight (x) 1 | . . . . . . 1 Average Overweight (x) . | . . . . . . . Largest Inventory Capacity 1 | . . . . . 1 1 Average Capacity . | . . . . . . 1 Most Carried 1 | . . . . . 1 1 Average Carried . | . . . . . . . Final Capacity 1 | . . . . . 1 1 Final Carried 1 | . . . . . 1 1 Class Distribution -------------------- 58% | Mutant 41% | Hacker-Mutant Dominant Class ---------------- Mutant | -10/Materials Mutant | -10/Mines Mutant | -10/Exiles Mutant | -9/Mines Hacker-Mutant | -8/Materials Hacker-Mutant | -7/Factory Resources | -11 -10 -10 -10 -9 -8 -7 ----------- Run | Yrd Mat Min Exi Min Mat Fac Matter Collected 498 | 210 88 . . 10 . 190 Remotely . | . . . . . . . Salvage Created 735 | . 170 . . 166 224 175 Parts 56 | . 15 . . 19 12 10 Haulers Intercepted 1 | . . . . . . 1 Recyclers Shooed 2 | . . . . . 2 . Parts Field Recycled . | . . . . . . . Retrieved Matter . | . . . . . . . Parts Self-Destructed . | . . . . . . . Prevented . | . . . . . . . Kills | -11 -10 -10 -10 -9 -8 -7 ------- Run | Yrd Mat Min Exi Min Mat Fac Combat Hostiles Destroyed 22 | . 8 . . 3 10 1 Guns 8 | . 8 . . . . . AOE 13 | . . . . 3 10 . Classes Destroyed 7 | . 2 . . 1 3 1 Worker 1 | . . . . . 1 . Builder 4 | . . . . 1 1 2 Hauler 1 | . . . . . . 1 Recycler 2 | . . . . . 2 . Swarmer 9 | . 6 . . 3 . . Grunt 14 | . 2 . . 3 9 . Sentry 2 | . . . . . 1 1 Best Kill Streak 14 | . 4 . . 3 14 3 Combat Bots Only 10 | . 4 . . 3 10 1 Max Kills in Single Turn 3 | . 1 . . 3 2 2 Gunslinging . | . . . . . . . Exploded 3 | . . . . 3 1 . Melee . | . . . . . . . Uniques/NPCs Destroyed . | . . . . . . . Combat | -11 -10 -10 -10 -9 -8 -7 -------- Run | Yrd Mat Min Exi Min Mat Fac Hostile Shots Fired 195 | . 68 . . . 40 87 Missed 84 | . 27 . . . 17 40 Hits 111 | . 41 . . . 23 47 Projectile 111 | . 41 . . . 23 47 Damage Taken 1315 | 1 430 . . 55 345 484 Core 1014 | . 354 . . 53 250 357 Absorbed by Shields . | . . . . . . . Redirected to Core 641 | . 205 . . 7 175 254 Core Remaining (%) 65 | 100 . . . 57 40 . Volleys Fired 88 | . 28 . . 23 16 21 Largest 2 | . 2 . . 1 1 2 Hottest 75 | . 70 . . 50 30 75 Shots Fired 115 | . 54 . . 23 16 22 Gun 94 | . 54 . . 22 . 18 Cannon . | . . . . . . . Launcher 21 | . . . . 1 16 4 Special . | . . . . . . . Kinetic 28 | . 28 . . . . . Thermal 66 | . 26 . . 22 . 18 Explosive 21 | . . . . 1 16 4 Electromagnetic . | . . . . . . . Robot Hit Streak 7 | . 7 . . 3 3 3 Robot Miss Streak 5 | . 5 . . 1 1 4 Penetration Max . | . . . . . . . Secondary Targets 1 | . 1 . . . . . Max Gunslinging Chain 1 | . 1 . . . . . Shots Hit Robots 58 | . 28 . . 14 4 12 Core Hits 60 | . 11 . . 12 32 5 Critical Kills . | . . . . . . . Critical Parts Destroyed . | . . . . . . . Critical Strikes 2 | . 1 . . . . 1 Burn 2 | . 1 . . . . 1 Melee Attacks . | . . . . . . . Impact . | . . . . . . . Slashing . | . . . . . . . Piercing . | . . . . . . . Sneak Attacks . | . . . . . . . Combat Hostiles . | . . . . . . . Follow-up Attacks . | . . . . . . . Damage Inflicted 2583 | 3 307 . . 285 1659 329 Guns 616 | . 307 . . 185 . 124 Cannons . | . . . . . . . Explosions 1964 | . . . . 100 1659 205 Melee . | . . . . . . . Ramming 3 | 3 . . . . . . Kinetic 81 | . 81 . . . . . Thermal 759 | . 226 . . 185 224 124 Explosive 1740 | . . . . 100 1435 205 Electromagnetic . | . . . . . . . Impact . | . . . . . . . Slashing . | . . . . . . . Piercing . | . . . . . . . Highest Corruption . | . . . . . . . Average Corruption . | . . . . . . . Corruption Purged . | . . . . . . . Corruption Blocked . | . . . . . . . Overload Shots . | . . . . . . . Overflow Damage 60 | . . . . 20 40 . Projectiles . | . . . . . . . Explosions 60 | . . . . 20 40 . Melee . | . . . . . . . Knockbacks . | . . . . . . . Impact . | . . . . . . . Kinetic . | . . . . . . . Secondary . | . . . . . . . Self-Inflicted Damage 128 | 1 . . . 55 . 72 Shots 5 | . . . . 2 . 3 Rammed 1 | 1 . . . . . . Targets Rammed 1 | 1 . . . . . . Kicked . | . . . . . . . Crushed . | . . . . . . . Highest Temperature 275 | . 103 . . 128 23 275 Average Temperature 61 | . 34 . . 59 10 128 Received Heat Transfer 498 | . 162 . . . 171 165 Siege Activations . | . . . . . . . Martial Activations . | . . . . . . . Shielding Activations . | . . . . . . . Robots Disrupted . | . . . . . . . Combat Hostiles . | . . . . . . . Robots Corrupted . | . . . . . . . Combat Hostiles . | . . . . . . . Parts Fried . | . . . . . . . Impact Corruptions . | . . . . . . . Robots Melted 1 | . . . . . . 1 Combat Hostiles 1 | . . . . . . 1 Parts Melted 3 | . . . . . . 3 Heat Transferred 1889 | . 740 . . 555 150 444 Parts Sabotaged . | . . . . . . . Parts Stolen . | . . . . . . . Parts Stripped . | . . . . . . . Power Chain Reactions . | . . . . . . . Alert | -11 -10 -10 -10 -9 -8 -7 ------- Run | Yrd Mat Min Exi Min Mat Fac Maximum Alert Level 2 | . 1 . . . 2 1 Low Security (%) 77 | 100 67 100 . 100 65 73 Level 1 19 | . 32 . . . 15 26 Level 2 2 | . . . . . 18 . Level 3 . | . . . . . . . Level 4 . | . . . . . . . Level 5 . | . . . . . . . High Security . | . . . . . . . Max Security . | . . . . . . . Peak Influence 529 | . 286 107 . 106 529 247 Initial 247 | . . 107 . . 37 247 Average 111 | . 115 91 . 2 158 161 Influence Increases 1190 | . 416 . . 111 567 96 Destroy 0b10 Robot/C 440 | . 160 . . 60 200 20 Destroy 0b10 Robot/NC 40 | . . . . 5 20 15 Destroy Leader 102 | . 40 . . 10 40 12 Successful Hack 27 | . 6 . . . 11 10 Disable Machine 45 | . . . . 15 15 15 Anti-Garrison Action 150 | . . . . . 150 . Destroy Structure 116 | . . . . 21 71 24 Partial Spotted 15 | . . . . . 15 . Lose Combat Pursuer 255 | . 210 . . . 45 . Influence Decreases 1057 | . 140 209 67 15 119 507 Entered New Map 592 | . . 169 67 . 59 297 Time Decay 435 | . 140 40 . 15 60 180 Lost Part 30 | . . . . . . 30 Squads Dispatched 12 | . 4 . . . 7 1 Investigation 3 | . 1 . . . 2 . Extermination . | . . . . . . . Reinforcement 6 | . 3 . . . 2 1 Assault 2 | . . . . . 2 . Garrison 1 | . . . . . 1 . Intercept . | . . . . . . . Searches Triggered . | . . . . . . . Construction Impeded 1 | . . . . . 1 . Haulers Reinforced . | . . . . . . . Active Scanning Responses . | . . . . . . . Cargo Convoy Interrupts . | . . . . . . . Stealth | -11 -10 -10 -10 -9 -8 -7 --------- Run | Yrd Mat Min Exi Min Mat Fac Distress Signals 2 | . 1 . . . 1 . Communications Jammed . | . . . . . . . Distress Signals . | . . . . . . . Times Spotted 58 | . 32 . . . 20 6 Peak Tracking Total 9 | . 9 . . . 7 2 Tactical Retreats 7 | . 6 . . . 1 . Traps | -11 -10 -10 -10 -9 -8 -7 ------- Run | Yrd Mat Min Exi Min Mat Fac Traps Triggered 1 | . . . . . . 1 Indirectly . | . . . . . . . Trap Hack Attempts . | . . . . . . . Triggered . | . . . . . . . Disarmed . | . . . . . . . Reprogrammed . | . . . . . . . Reused . | . . . . . . . Traps Extracted . | . . . . . . . Installed . | . . . . . . . Triggered . | . . . . . . . Machines | -11 -10 -10 -10 -9 -8 -7 ---------- Run | Yrd Mat Min Exi Min Mat Fac Machines Disabled 4 | . . . . 1 2 1 Max in Single Turn 2 | . . . . 1 2 1 Garrison Access 2 | . . . . . 1 1 Machines Repaired . | . . . . . . . Machines Dismantled . | . . . . . . . Machines Sabotaged . | . . . . . . . Overloaded Fab Kills . | . . . . . . . Hacking | -11 -10 -10 -10 -9 -8 -7 --------- Run | Yrd Mat Min Exi Min Mat Fac Machines Accessed 10 | . 2 . 1 . 4 3 Terminals 7 | . 1 . . . 4 2 Fabricators . | . . . . . . . Repair Stations 1 | . 1 . . . . . Recycling Units . | . . . . . . . Scanalyzers . | . . . . . . . Garrison Access 1 | . . . . . . 1 Total Hacks 23 | . 6 . 1 . 10 6 Successful 7 | . 1 . 1 . 3 2 Failed 16 | . 5 . . . 7 4 Catastrophic 1 | . 1 . . . . . Database Lockouts . | . . . . . . . Manual 17 | . 2 . 1 . 10 4 Terminals 19 | . 5 . . . 10 4 Fabricators . | . . . . . . . Repair Stations 1 | . 1 . . . . . Recycling Units . | . . . . . . . Scanalyzers . | . . . . . . . Garrison Access 2 | . . . . . . 2 Terminal Hacks 4 | . . . 1 . 3 . Part Schematic 2 | . . . . . 2 . Level Access Points 1 | . . . . . 1 . Proto ID Catalog 1 | . . . 1 . . . Fabricator Hacks . | . . . . . . . Repair Station Hacks 1 | . 1 . . . . . Refit 1 | . 1 . . . . . Recycling Unit Hacks . | . . . . . . . Scanalyzer . | . . . . . . . Garrison Access Hacks 1 | . . . . . . 1 Seal Access 1 | . . . . . . 1 Unauthorized Hacks 1 | . . . . . . 1 Terminals 1 | . . . . . . 1 Assimilate 1 | . . . . . . 1 Fabricators . | . . . . . . . Repair Stations . | . . . . . . . Recycling Units . | . . . . . . . Scanalyzers . | . . . . . . . Garrison Access . | . . . . . . . Data Cores Recovered . | . . . . . . . Used . | . . . . . . . Hacking Detections 7 | . 2 . . . 3 2 Full Trace Events 3 | . 1 . . . 2 . Feedback Events . | . . . . . . . Feedback Blocked . | . . . . . . . Robot Schematics Acquired . | . . . . . . . Robots Built . | . . . . . . . Authchips . | . . . . . . . Time . | . . . . . . . Total Robot Build Rating . | . . . . . . . Part Schematics Acquired 2 | . . . . . 2 . Parts Built . | . . . . . . . Authchips . | . . . . . . . Time . | . . . . . . . Total Part Build Rating . | . . . . . . . Parts Repaired . | . . . . . . . Time . | . . . . . . . Parts Recycled . | . . . . . . . Recycled Matter . | . . . . . . . Retrieved Matter . | . . . . . . . Retrieved Components . | . . . . . . . Parts Scanalyzed . | . . . . . . . Part Schematics Acquired . | . . . . . . . Parts Damaged . | . . . . . . . Bothacking | -11 -10 -10 -10 -9 -8 -7 ------------ Run | Yrd Mat Min Exi Min Mat Fac Used RIF Installer . | . . . . . . . Robots Hacked . | . . . . . . . Non-combat . | . . . . . . . Combat . | . . . . . . . Robot Hacks Applied . | . . . . . . . Relay Couplers Released 1 | . . . . . 1 . Machine Destruction 1 | . . . . . 1 . Fabnet Peak Effective % . | . . . . . . . Robots Rewired . | . . . . . . . Allies Hacked . | . . . . . . . Hacks Repelled . | . . . . . . . Allies | -11 -10 -10 -10 -9 -8 -7 -------- Run | Yrd Mat Min Exi Min Mat Fac Total Allies 4 | . . . . 3 . 1 Largest Group 3 | . . . . 3 . 1 Highest-Rated Group 40 | . . . . 40 . 26 Highest-Rated Ally 26 | . . . . 16 . 26 Total Orders 1 | . . . . 1 . . STAY 1 | . . . . 1 . . Ally Attacks . | . . . . . . . Total Damage . | . . . . . . . Kills . | . . . . . . . Allies Corrupted . | . . . . . . . Allies Melted . | . . . . . . . Intel | -11 -10 -10 -10 -9 -8 -7 ------- Run | Yrd Mat Min Exi Min Mat Fac Active Infowar (turns) . | . . . . . . . Robot Analysis Total . | . . . . . . . Derelict Logs Recovered . | . . . . . . . Drone Launches . | . . . . . . . Drone Recoveries . | . . . . . . . Exploration | -11 -10 -10 -10 -9 -8 -7 ------------- Run | Yrd Mat Min Exi Min Mat Fac Turns Passed 1208 | 46 307 80 83 182 138 372 Spaces Moved 2309 | 74 414 146 223 307 265 880 Core 156 | 74 82 . . . . . Treads . | . . . . . . . Legs . | . . . . . . . Wheels . | . . . . . . . Hover . | . . . . . . . Flight 2153 | . 332 146 223 307 265 880 Fastest Speed 34 | 50 37 37 37 37 37 34 Average Speed 37 | 50 39 37 37 37 37 35 Slowest Speed 114 | 50 50 37 37 37 37 114 Overloaded Moves . | . . . . . . . Propulsion Burnouts . | . . . . . . . Robots Hopped 25 | . 5 1 . 1 2 16 Potential Cave-ins . | . . . . . . . Cave-ins Triggered . | . . . . . . . Exploration Rate (%) 41 | 3 70 34 64 59 43 19 Regions Visited 6 Branch Regions 3 Pre-discovered Areas . | . . . . . . . Known Exits Taken 1 | . . . . . 1 . Unknown Exits Taken 5 | 1 1 1 1 1 . . Scrap Searched 1 | . . . . 1 . . Spaces Dug . | . . . . . . . Terrain Destroyed 145 | . . . . 23 99 23 Melee . | . . . . . . . Projectile . | . . . . . . . AOE 145 | . . . . 23 99 23 Terrain Rammed . | . . . . . . . Walls Destroyed . | . . . . . . . Machines Disabled . | . . . . . . . Actions | -11 -10 -10 -10 -9 -8 -7 --------- Run | Yrd Mat Min Exi Min Mat Fac Total 2517 | 81 502 170 222 350 286 906 Wait 110 | 5 59 26 . 13 . 7 Move 2255 | 73 403 143 222 304 260 850 Hop 23 | . 5 1 . 1 2 14 Pick Up 2 | . . . . . 1 1 Fast Attach 11 | 2 4 . . 1 . 4 Attach . | . . . . . . . Detach . | . . . . . . . Swap 2 | . 1 . . . . 1 Drop 6 | . 2 . . 1 . 3 Fire 88 | . 28 . . 23 16 21 Melee . | . . . . . . . Ram 1 | 1 . . . . . . Kick . | . . . . . . . Crush . | . . . . . . . Escape Stasis . | . . . . . . . Rewire . | . . . . . . . Trap . | . . . . . . . Miscellaneous 19 | . . . . 7 7 5 Route ------- -11/Scrapyard -10/Materials (discovered 4 exits: [*Mat x3] / [*Min]) -10/Mines -10/Exiles -9/Mines -8/Materials (discovered 3 exits: *Fac x3) -7/Factory History --------- Turn | Location | Event 6 | -11/Scrapyard | Discovered new exit (range 15) 10 | -11/Scrapyard | Upgraded with Propulsion slot (x1) 10 | -11/Scrapyard | Upgraded with Utility slot (x1) 10 | -11/Scrapyard | Upgraded with Weapon slot (x1) 47 | -11/Scrapyard | Entered Materials 223 | -10/Materials | Discovered new exit (range 4) 302 | -10/Materials | Discovered new exit (range 6) 316 | -10/Materials | Core integrity fell below 50% 331 | -10/Materials | Build established: Mutant 347 | -10/Materials | Discovered new exit (range 15) 348 | -10/Materials | Discovered new exit (range 15) 354 | -10/Materials | Entered Mines 356 | -10/Mines | Reached level 2 378 | -10/Mines | Met a Derelict bent on vengeance 406 | -10/Mines | Assembled infested the area 432 | -10/Mines | Deemed a non-threat by the Exiles lab entrance 433 | -10/Mines | Discovered new exit (range 5) 434 | -10/Mines | Entered Exiles 444 | -10/Exiles | Met 8R-AWN 450 | -10/Exiles | Met EX-HEX 461 | -10/Exiles | Met EX-BIN 466 | -10/Exiles | Aligned with FarCom system 466 | -10/Exiles | Given EX-Vault access code 476 | -10/Exiles | Opened EX-Vault 489 | -10/Exiles | Warned to stay clear of 0b10 Research branches 500 | -10/Exiles | Met EX-DEC 514 | -10/Exiles | Discovered new exit (range 10) 517 | -10/Exiles | Entered Mines 576 | -9/Mines | Assisted by bots powering up and referring to "LRC-V3" 588 | -9/Mines | Received a Rocket Launcher from a helpful Derelict 678 | -9/Mines | YI-UF0 nonchalantly dropped a Grenade Launcher on the ground 695 | -9/Mines | Discovered new exit (range 6) 699 | -9/Mines | Entered Materials 701 | -8/Materials | Reached level 3 766 | -8/Materials | Core integrity fell below 50% 773 | -8/Materials | Reached level 4 805 | -8/Materials | Garrison activated, responded to threat 812 | -8/Materials | Reached level 5 829 | -8/Materials | Identified exit to Factory 833 | -8/Materials | Destroyed 10 combat bots 837 | -8/Materials | Entered Factory 838 | -7/Factory | Core integrity fell below 50% 839 | -7/Factory | Reached level 6 950 | -7/Factory | Upgraded with Utility slot (x3) 1011 | -7/Factory | Build established: Hacker-Mutant 1122 | -7/Factory | Core integrity fell below 20% 1196 | -7/Factory | Found Prototype Launcher 1196 | -7/Factory | Identified Rocket Array 1200 | -7/Factory | Found Rocket Array 1209 | -7/Factory | Destroyed self with Rocket Array Last Messages --------------- ALERT: Hostiles spotted, dispatching reinforcements to Terminal F002. O-16 Technician locks terminal. T-07 Excavator is excavating. Acquired Imp. Medium Armor Plating. T-07 Excavator is excavating. Upgraded: Mass Support (+5) T-07 Excavator is excavating. Terminal disabled. A-02 Transporter destroyed. U-05 Engineer destroyed. Dropped Med. Laser. Acquired Prototype Launcher. Identified Rocket Array. Dropped Flight Unit. Acquired Rocket Array. U-05 Engineer builds a Wall. U-05 Engineer lays Concrete. U-05 Engineer builds a Wall. U-05 Engineer lays Concrete. U-05 Engineer destroyed. Map ----- +----------------------------------------------------+ | ??????????????????????????????????????????????? | | ????????????????????????????###########???????? | | #????????????????????????????# #???????? | | #????????????????????????????# #???????? | | #????????????????????????????# #???????? | | +????????????????????????????# #??????## | | #????????????????????????????#####+############ | | #????????????????????????????????# ! | | #????????????????????????????????# | | ###########??????????????????????# """ T | | # ?????????????????????# """ | | #"" """ """???????#########?????# """ ^ | | #"" """ """ ???# #???# !! | | #"T """ """ #??# #???# !! | | #"" #??# ????#### ^ !! | | #"" """ """ #??# ! ???????# ^ | | # """ ""?????# ????????##### [ | | # """ """ #??# ????????????# ^! ^ | | # #??# ?????????????# !^[ | | + #??# ?????????????# ![ | | # ! #??# ???????######## | | # #??# ???????# | | ##############??# ????##### | | #???????####### % ????+ | | ###########= ## ###??# | | ^ !%![ # @ #?## | | ^ =|=]% [ ### | | ^^ =g! o | | ^ ! ### #### #### T#### | | ^ %| ### #?#####??#+#??####??# | | ###+##### #?# ###???????????????????# | | # # # """ """ "???????????????????# | | ## ## # """ """ ""??????????????????# | | ## ## + """ """ ""??????????????????# | | ## ## # ??????????????????# | | ## ## # = ??????????????????? | | ## ## ? ? ?????????????????? | | ## ## ?########???#?????????????????? | | ## ! ## #################+####????????? | | ## ## #####????? | | ## ## ???? | | ## ## ^ ???? | | ## ## ????? | | ## ## ####??????? | | ## #??############## ####+####?????????? | | ######+##??????########## #???? ???????????? | | #????# #???????# # #??????""?????????? | | = ####?# #???????# # #?????????????????? | | #T ### ####????# + #?????????????????? | | #????# ] ### #?????????????????? | +----------------------------------------------------+ Best States ------------- Heat Dissipation 25 Energy Generation 9 Energy Capacity 500 Matter Stores 300 Matter Capacity 300 Sight Range 16 Terrain Scan Density 10 Armor Coverage 230 Utility Shielding 33 Evasion (%) 63 Offensive Hacking 30 Item Schematics ----------------- Hacking Suite | -8/Materials | Hacked Maul | -8/Materials | Hacked Robot Schematics ------------------ None Fabricated ------------ Nothing Repaired ---------- Nothing Alien Tech Used ----------------- None Achievements -------------- None Challenges ------------ None RPGLIKE | -11 -10 -10 -10 -9 -8 -7 --------- Run | Yrd Mat Min Exi Min Mat Fac Levels Raised 5 | . . 1 . . 3 1 XP Earned 11135 | 3000 1030 500 350 925 3555 1775 XP Spent 9950 | 1500 . . . . 4450 4000 Upgrades 15 | 3 . . . . 7 5 Propulsion Slot 1 | 1 . . . . . . Utility Slot 4 | 1 . . . . . 3 Weapon Slot 1 | 1 . . . . . . Mass Support 2 | . . . . . . 2 Inventory Capacity 1 | . . . . . 1 . Hack Attack % 6 | . . . . . 6 . Protomatter Created 229 | . 24 . . 56 149 . Integrity Restored 405 | . . . . 150 150 105 Core 405 | . . . . 150 150 105 Protomatter Decayed 9 | . 8 . . . 1 . Game ------ Seed ShiftLobotomyReplica Manual? 0 Play Time 00:19:41 Cumulative 202.8 hours Start 2025.05.26 @ 07:43:51 End 2025.05.26 @ 12:05:23 Sessions 3 Manual Loads 0 Difficulty Rogue Special Mode Winter2019/RPGLIKE Game No. 203 Rogue 19 Adventurer 173 Explorer 11 Win Type - Total 54 Types 14/1/15/2/12/0/4/1/0/5 Lore% 48 Gallery% 48 Achievement% 67 Wizard Run 0 Options --------- Layout 0 ASCII 0 Keyboard 0 Movement Numpad Keybinds 0 Fullscreen 2 Font 12/Smallcaps Map View 83x54 Zoom Use 0% Tactical HUD 0 Map Filters NONE Filters NONE Steam X RUN: 5cafce13-c440-401e-91e5-abd4c72c21f0